SAA
BETHESDA ATOMS @ IRVING BLUE SOX
05/05/2034
 
TOP OF THE 1ST
Bethesda Atoms batting - Pitching for Irving Blue Sox : RHP Jack Joyner
Pitching: RHP Jack Joyner
Batting: LHB Jorge Ortíz 0-0: Ball
1-0: SINGLE (Line Drive, 7LS)
Batting: RHB Renato Zuvic 0-0: Called Strike
0-1: Ball
1-1: Foul Ball, location: 2F
1-2: Strikes out swinging
Batting: LHB Pedro Corona 0-0: Ball
1-0: Foul Ball, location: 2F
1-1: Swinging Strike
1-2: Fly out, F4 (Line Drive, 4)
Batting: LHB Gong Mao 0-0: Foul Ball, location: 2F
0-1: Fly out, F9 (Flyball, 9S)
Top of the 1st over - 0 runs, 1 hit, 0 errors, 1 left on base; Bethesda 0 - Irving 0
BOTTOM OF THE 1ST
Irving Blue Sox batting - Pitching for Bethesda Atoms : LHP Shunsho Mizuno
Pitching: LHP Shunsho Mizuno
Batting: RHB José Alcalá 0-0: Foul Ball, location: 2F
0-1: Foul Ball, location: 2F
0-2: Ground out 5-3 (Groundball, 56S)
Batting: RHB Justin Smelter 0-0: Foul Ball, location: 2F
0-1: Ball
1-1: Ground out 5-3 (Groundball, 5)
Batting: LHB Salvador Ramírez 0-0: Called Strike
0-1: Foul Ball, location: 2F
0-2: Ball
1-2: Reaches on Catchers interference
Batting: RHB Greg Bugarin 0-0: Ball
Salvador Ramírez steals 2nd base
1-0: Swinging Strike
1-1: Ball
2-1: Ball
3-1: Base on Balls
Batting: LHB Juan Jimínez 0-0: Ball
1-0: Ground out 5-3 (Groundball, 2L)
Bottom of the 1st over - 0 runs, 0 hits, 1 error, 2 left on base; Bethesda 0 - Irving 0
TOP OF THE 2ND
Bethesda Atoms batting - Pitching for Irving Blue Sox : RHP Jack Joyner
Batting: RHB José Leyva 0-0: Called Strike
0-1: Ball
1-1: Called Strike
1-2: Strikes out swinging
Batting: RHB Enrique Ibarra 0-0: Ball
1-0: Swinging Strike
1-1: Ground out 1-3 (Groundball, 13S)
Batting: RHB Bartolo Rosas 0-0: SINGLE (Groundball, 56D)
Batting: SHB Pedro Ortega 0-0: Called Strike
Bartolo Rosas steals 2nd base
0-1: Ball
1-1: Ball
2-1: Foul Ball, location: 2F
2-2: Ball
3-2: SINGLE (Line Drive, 34D)
Bartolo Rosas to third
Bartolo Rosas scores
Batting: RHB Tomás Gonzáles 0-0: Called Strike
Pedro Ortega steals 2nd base
0-1: Ball
1-1: Ground out U3 (Groundball, 3)
Top of the 2nd over - 1 run, 2 hits, 0 errors, 1 left on base; Bethesda 1 - Irving 0
BOTTOM OF THE 2ND
Irving Blue Sox batting - Pitching for Bethesda Atoms : LHP Shunsho Mizuno
Batting: RHB Carlos Garza 0-0: Called Strike
0-1: Foul Ball, location: 2F
0-2: Ball
1-2: Ball
2-2: Ball
3-2: Base on Balls
Batting: LHB Brenton Winston 0-0: Foul Ball, location: 2F
0-1: Ball
1-1: Ball
2-1: Foul Ball, location: 2F
2-2: Ball
3-2: SINGLE (Line Drive, 78S)
Carlos Garza to second
Batting: RHB Enrique Gómez 0-0: Ball
1-0: Fly out, F7 (Flyball, 7)
Batting: LHB Gidde Collin 0-0: Ball
1-0: Ball
2-0: Swinging Strike
2-1: Ball
3-1: Base on Balls
Carlos Garza to third
Brenton Winston to second
Batting: RHB José Alcalá 0-0: Ball
1-0: Ball
2-0: Ball
3-0: Base on Balls
Carlos Garza scores
Brenton Winston to third
Gidde Collin to second
Batting: RHB Justin Smelter 0-0: Called Strike
0-1: Swinging Strike
0-2: Foul Ball, location: 2F
0-2: Ball
1-2: Fly out, F8 (Line Drive, 8RS)
Runner from 3rd tags up, SCORES, no throw
Batting: LHB Salvador Ramírez 0-0: Swinging Strike
0-1: Ball
1-1: Swinging Strike
1-2: Foul Ball, location: 2F
1-2: Ball
2-2: Strikes out swinging
Bottom of the 2nd over - 2 runs, 1 hit, 0 errors, 2 left on base; Bethesda 1 - Irving 2
TOP OF THE 3RD
Bethesda Atoms batting - Pitching for Irving Blue Sox : RHP Jack Joyner
Batting: LHB Jorge Ortíz 0-0: SINGLE (Groundball, 13S) (infield hit)
Batting: RHB Renato Zuvic 0-0: Called Strike
Jorge Ortíz steals 2nd base
0-1: Ball
1-1: Fly out, F8 (Flyball, 8LD)
Batting: LHB Pedro Corona 0-0: Called Strike
0-1: Ground out U3 (Groundball, 3L)
Jorge Ortíz to third
Batting: LHB Gong Mao 0-0: Ball
1-0: Foul Ball, location: 2F
1-1: SINGLE (Line Drive, 89S)
Jorge Ortíz scores
Batting: RHB José Leyva 0-0: Ball
1-0: Ball
2-0: Called Strike
2-1: Ground out 1-3 (Groundball, 15)
Top of the 3rd over - 1 run, 2 hits, 0 errors, 1 left on base; Bethesda 2 - Irving 2
BOTTOM OF THE 3RD
Irving Blue Sox batting - Pitching for Bethesda Atoms : LHP Shunsho Mizuno
Batting: RHB Greg Bugarin 0-0: Ball
1-0: Called Strike
1-1: Swinging Strike
1-2: DOUBLE (Line Drive, 7LD)
Batting: LHB Juan Jimínez 0-0: Fly out, F7 (Flyball, 78M)
Batting: RHB Carlos Garza 0-0: Ball
1-0: Ball
2-0: Ball
3-0: Called Strike
3-1: DOUBLE (Line Drive, 9LM)
Greg Bugarin scores
Batting: LHB Brenton Winston 0-0: Ball
1-0: Ball
Wild Pitch!
Carlos Garza to third
2-0: Swinging Strike
2-1: Ground out 5-3 (Groundball, 56)
Carlos Garza scores
Batting: RHB Enrique Gómez 0-0: Ball
1-0: Called Strike
1-1: Foul Ball, location: 2F
1-2: Ball
2-2: Ball
3-2: SINGLE (Groundball, 56D)
Batting: LHB Gidde Collin 0-0: Ground out 4-3 (Groundball, 4)
Bottom of the 3rd over - 2 runs, 3 hits, 0 errors, 1 left on base; Bethesda 2 - Irving 4
TOP OF THE 4TH
Bethesda Atoms batting - Pitching for Irving Blue Sox : RHP Jack Joyner
Batting: RHB Enrique Ibarra 0-0: Called Strike
0-1: Fly out, F7 (Flyball, 7LM)
Batting: RHB Bartolo Rosas 0-0: Called Strike
0-1: Ball
1-1: Ball
2-1: Ball
3-1: Base on Balls
Batting: SHB Pedro Ortega 0-0: Called Strike
0-1: Called Strike
0-2: Ball
Bartolo Rosas steals 2nd base
1-2: Foul Ball, location: 2F
1-2: Ball
2-2: Strikes out swinging
Batting: RHB Tomás Gonzáles 0-0: Foul Ball, location: 2F
0-1: Ball
1-1: Ball
2-1: Swinging Strike
2-2: Strikes out looking
Top of the 4th over - 0 runs, 0 hits, 0 errors, 1 left on base; Bethesda 2 - Irving 4
BOTTOM OF THE 4TH
Irving Blue Sox batting - Pitching for Bethesda Atoms : LHP Shunsho Mizuno
Batting: RHB José Alcalá 0-0: Ball
1-0: Called Strike
1-1: Ball
2-1: Called Strike
2-2: DOUBLE (Flyball, 78XD)
Pinch Runner at 2nd Vince Staples:
Batting: RHB Justin Smelter 0-0: Foul Ball, location: 2F
0-1: Foul Ball, location: 2F
0-2: Foul Ball, location: 2F
0-2: Fly out, F8 (Line Drive, 89D)
Batting: LHB Salvador Ramírez 0-0: Called Strike
0-1: Swinging Strike
0-2: Ball
1-2: Foul Ball, location: 2F
1-2: Fly out, F9 (Line Drive, 9D)
Batting: RHB Greg Bugarin 0-0: Fly out, F7 (Flyball, 7)
Bottom of the 4th over - 0 runs, 1 hit, 0 errors, 1 left on base; Bethesda 2 - Irving 4
TOP OF THE 5TH
Bethesda Atoms batting - Pitching for Irving Blue Sox : RHP Jack Joyner
Batting: LHB Jorge Ortíz 0-0: Ball
1-0: Fly out, F8 (Flyball, 8RS)
Batting: RHB Renato Zuvic 0-0: Ball
1-0: Ball
2-0: Ball
3-0: Base on Balls
Batting: LHB Pedro Corona 0-0: DOUBLE (Flyball, 8RXD)
Renato Zuvic to third
Batting: LHB Gong Mao 0-0: Swinging Strike
0-1: Fly out, F8 (Line Drive, 89M)
Runner from 3rd tags up, SCORES, no throw
Batting: RHB José Leyva 0-0: SINGLE (Groundball, 6MD)
Pedro Corona to third
Runner from 3rd tries for Home, SAFE, no throw
Batting: RHB Enrique Ibarra 0-0: Called Strike
0-1: Ball
1-1: Fielders Choice at 2nd, 6-4 (Groundball, 6)
Top of the 5th over - 2 runs, 2 hits, 0 errors, 1 left on base; Bethesda 4 - Irving 4
BOTTOM OF THE 5TH
Irving Blue Sox batting - Pitching for Bethesda Atoms : LHP Shunsho Mizuno
Batting: LHB Juan Jimínez 0-0: Ball
1-0: Ground out U3 (Groundball, 3)
Batting: RHB Carlos Garza 0-0: Called Strike
0-1: Ball
1-1: Called Strike
1-2: Foul Ball, location: 2F
1-2: SINGLE (Line Drive, 4D)
Batting: LHB Brenton Winston 0-0: Swinging Strike
0-1: SINGLE (Flyball, 8LS)
Carlos Garza to second
Runner from 2nd tries for 3rd, SAFE, no throw
Batting: RHB Enrique Gómez 0-0: Ball
1-0: Ball
Throwing error on steal attempt, E2
Carlos Garza scores
Brenton Winston to third
2-0: Called Strike
2-1: Foul Ball, location: 2F
2-2: Strikes out swinging
Batting: LHB Gidde Collin 0-0: Ball
1-0: Ball
2-0: Called Strike
2-1: Ground out 6-3 (Groundball, 6MD)
Bottom of the 5th over - 1 run, 2 hits, 1 error, 1 left on base; Bethesda 4 - Irving 5
TOP OF THE 6TH
Bethesda Atoms batting - Pitching for Irving Blue Sox : RHP Jack Joyner
Batting: RHB Bartolo Rosas 0-0: Ball
1-0: Ball
2-0: Swinging Strike
2-1: Ground out 1-3 (Groundball, P)
Batting: SHB Pedro Ortega 0-0: Swinging Strike
0-1: Called Strike
0-2: Ball
1-2: Strikes out swinging
Batting: RHB Tomás Gonzáles 0-0: Called Strike
0-1: Foul Ball, location: 2F
0-2: Ball
1-2: Fly out, F8 (Flyball, 8RM)
Top of the 6th over - 0 runs, 0 hits, 0 errors, 0 left on base; Bethesda 4 - Irving 5
BOTTOM OF THE 6TH
Irving Blue Sox batting - Pitching for Bethesda Atoms : LHP Shunsho Mizuno
Batting: RHB Vince Staples 0-0: Fly out, F7 (Flyball, 7LS)
Batting: RHB Justin Smelter 0-0: Foul Ball, location: 2F
0-1: Ball
1-1: Fly out, F8 (Flyball, 8RM)
Batting: LHB Salvador Ramírez 0-0: Ground out 4-3 (Groundball, 4)
Bottom of the 6th over - 0 runs, 0 hits, 0 errors, 0 left on base; Bethesda 4 - Irving 5
TOP OF THE 7TH
Bethesda Atoms batting - Pitching for Irving Blue Sox : RHP Jack Joyner
Batting: LHB Jorge Ortíz 0-0: Ball
1-0: Ball
2-0: Called Strike
2-1: Called Strike
2-2: Foul Ball, location: 2F
2-2: Ball
3-2: Strikes out swinging
Batting: RHB Renato Zuvic 0-0: Called Strike
0-1: Ball
1-1: Ball
2-1: Ball
3-1: Called Strike
3-2: Foul Ball, location: 2F
3-2: Foul Ball, location: 2F
3-2: Base on Balls
Pitching: RHP Manuel Montero
Batting: LHB Pedro Corona 0-0: Ball
1-0: SINGLE (Flyball, 7LM)
Renato Zuvic to second
Batting: LHB Gong Mao 0-0: Swinging Strike
0-1: Ball
1-1: Fly out, F3 (Popup, 3)
Batting: RHB José Leyva 0-0: Ball
1-0: Ball
2-0: Called Strike
2-1: Fly out, F8 (Flyball, 8RM)
Top of the 7th over - 0 runs, 1 hit, 0 errors, 2 left on base; Bethesda 4 - Irving 5
BOTTOM OF THE 7TH
Irving Blue Sox batting - Pitching for Bethesda Atoms : LHP Shunsho Mizuno
Batting: RHB Greg Bugarin 0-0: Foul Ball, location: 2F
0-1: Ball
1-1: Ground out 5-3 (Groundball, 56S)
Batting: LHB Juan Jimínez 0-0: Foul Ball, location: 2F
0-1: Fly out, F3 (Line Drive, 3)
Batting: RHB Carlos Garza 0-0: Called Strike
0-1: SOLO HOME RUN (Flyball, 8RXD), Distance : 448 ft
Pitching: LHP Ben Olsen
Batting: LHB Brenton Winston 0-0: Swinging Strike
0-1: Foul Ball, location: 2F
0-2: Ball
1-2: Ball
2-2: Ball
3-2: Ground out 3-1 (Groundball, 34S)
Bottom of the 7th over - 1 run, 1 hit, 0 errors, 0 left on base; Bethesda 4 - Irving 6
TOP OF THE 8TH
Bethesda Atoms batting - Pitching for Irving Blue Sox : RHP Manuel Montero
Batting: RHB Enrique Ibarra 0-0: Ball
1-0: Ball
2-0: Foul Ball, location: 2F
2-1: Foul Ball, location: 2F
2-2: Ball
3-2: Strikes out looking
Batting: RHB Bartolo Rosas 0-0: Ball
1-0: Ground out 5-3 (Groundball, 56)
Batting: SHB Pedro Ortega 0-0: Ground out 6-3 (Groundball, 56)
Top of the 8th over - 0 runs, 0 hits, 0 errors, 0 left on base; Bethesda 4 - Irving 6
BOTTOM OF THE 8TH
Irving Blue Sox batting - Pitching for Bethesda Atoms : LHP Ben Olsen
Batting: RHB Enrique Gómez 0-0: Called Strike
0-1: Ball
1-1: Foul Ball, location: 2F
1-2: Ball
2-2: Foul Ball, location: 2F
2-2: Ball
3-2: Ground out 6-3 (Groundball, 6)
Batting: LHB Gidde Collin 0-0: Called Strike
0-1: Called Strike
0-2: Ball
1-2: Ground out 4-3 (Groundball, 34D)
Batting: RHB Vince Staples 0-0: Ball
1-0: SINGLE (Flyball, 78M)
Batting: RHB Justin Smelter 0-0: Ball
1-0: Called Strike
1-1: Fielders Choice at 2nd, 5-4 (Groundball, 5)
Bottom of the 8th over - 0 runs, 1 hit, 0 errors, 1 left on base; Bethesda 4 - Irving 6
TOP OF THE 9TH
Bethesda Atoms batting - Pitching for Irving Blue Sox : RHP Manuel Montero
Pitching: RHP Cheung Lai
Batting: RHB Tomás Gonzáles 0-0: Ball
1-0: Ball
2-0: Called Strike
2-1: Swinging Strike
2-2: Strikes out swinging
Batting: LHB Jorge Ortíz 0-0: SINGLE (Groundball, 56) (infield hit)
Batting: RHB Renato Zuvic 0-0: Called Strike
0-1: Fly out, F9 (Flyball, 9LD)
Batting: LHB Pedro Corona 0-0: Ball
1-0: Ball
2-0: Ball
3-0: Base on Balls
Jorge Ortíz to second
Batting: LHB Gong Mao 0-0: Called Strike
0-1: Foul Ball, location: 2F
0-2: Strikes out swinging
Top of the 9th over - 0 runs, 1 hit, 0 errors, 2 left on base; Bethesda 4 - Irving 6
Friday, March 29th, 2019 - OOTP Baseball 18.8 Build 76